 Dungeon Crawl Stone Soup version 0.19-a0-231-gae044c8 (webtiles) character file.

14 esc the Firebug (level 2, -1/16 HPs)
             Began as a Deep Elf Fire Elementalist on May 24, 2016.
             Slain by a jackal (3 damage)
             ... on level 1 of the Dungeon.
             The game lasted 00:02:31 (808 turns).

esc the Firebug (Deep Elf Fire Elementalist)         Turns: 808, Time: 00:02:32

Health: -1/16      AC:  2    Str:  9    XL:     2   Next: 31%
Magic:  1/8        EV: 13    Int: 19    God:
Gold:   24         SH:  0    Dex: 15    Spells: 1 memorised, 6 levels left

rFire  . . .     SeeInvis .     l - +0 spear
rCold  . . .     Gourm    .     a - +0 robe
rNeg   . . .     Faith    .     (no shield)
rPois  .         Spirit   .     (no helmet)
rElec  .         Dismiss  .     (no cloak)
rCorr  +         Reflect  .     (no gloves)
SustAt .         Harm     .     (no boots)
MR     .....                    i - amulet of inaccuracy (curse)
Stlth  ++........               h - +4 ring of strength
                                d - ring of resist corrosion

@: very slightly contaminated, not resistant to hostile enchantments, unstealthy
A: no striking features
a: no special abilities


You were on level 1 of the Dungeon.
You were not hungry.

You visited 1 branch of the dungeon, and saw 1 of its levels.

You collected 24 gold pieces.

Inventory:

Hand Weapons
 l - a +0 spear (weapon)
   (You found it on level 1 of the Dungeon)
Missiles
 e - 24 stones (quivered)
Armour
 a - a +0 robe (worn)
Jewellery
 d - a ring of resist corrosion (left hand)
   (You found it on level 1 of the Dungeon)
 h - a +4 ring of strength (right hand)
   (You found it on level 1 of the Dungeon)
 i - a cursed amulet of inaccuracy (around neck)
   (You found it on level 1 of the Dungeon)
Books
 b - a book of Flames
Comestibles
 c - a bread ration {@e1}
 f - 2 beef jerkies


   Skills:
 + Level 0.4 Fighting
 + Level 2.8 Dodging
 - Level 2.4 Stealth
 + Level 3.3 Spellcasting
 + Level 1.1 Conjurations
 + Level 3.5 Fire Magic


You had 6 spell levels left.
You knew the following spells:

 Your Spells              Type           Power        Failure   Level  Hunger
a - Flame Tongue          Conj/Fire      ##...        8%          1    None


Dungeon Overview and Level Annotations

Branches:
Dungeon (1/15)

Altars:


Message History

The jackal barks!
The rat misses you.
A jackal comes into view.
You closely miss the rat. The rat misses you.
A jackal comes into view.
You closely miss the rat. The rat bites you.
You take 3 damage, and have 13/16 hp.
Aim: a rat The flame tongue misses the rat.
The rat bites you.
You take 3 damage, and have 10/16 hp.
You now have 7/8 mp.
Aim: a rat The flame tongue hits the rat.
The jackal barks!
The rat bites you.
You take 1 damage, and have 9/16 hp.
You now have 6/8 mp.
Aim: a rat (severely wounded)
The flame tongue hits the rat.
You kill the rat!
You now have 5/8 mp.
Aim: a jackal The flame tongue misses the jackal.
The jackal barks!
The jackal bites you but does no damage. x2
You now have 4/8 mp.
Aim: a jackal The flame tongue hits the jackal.
The jackal barely misses you.
You now have 3/8 mp.
Aim: a jackal (lightly wounded)
The flame tongue misses the jackal.
The jackal closely misses you.
You now have 2/8 mp.
The jackal barely misses you. The jackal barely misses you.
Attack whom?
Aim: a jackal (lightly wounded)
You reach to attack!
You miss the jackal. The jackal closely misses you.
Drink which item? (? for menu, Esc to quit)
It was a potion of curing.
You feel better. The jackal bites you.
The jackal bites you but does no damage.
You regained 4 hp, and now have 14/16 hp.
Read which item? (? for menu, Esc to quit)
As you read the scroll labeled KUTODILEMO, it crumbles to dust.
It is a scroll of recharging.
You aren't carrying any rechargeable items.
The jackal barely misses you.
Aim: a jackal (lightly wounded)
The flame tongue misses the jackal.
The jackal bites you but does no damage.
The jackal barely misses you.
Aim: a jackal (lightly wounded)
You miscast Flame Tongue.
You are very lightly contaminated with residual magic.
Nothing appears to happen.
The jackal barely misses you.
You now have 2/8 mp.
Aim: a jackal (lightly wounded)
The flame tongue misses the jackal.
The jackal closely misses you.
You now have 1/8 mp.
Aim: a jackal (lightly wounded)
The flame tongue hits the jackal.
The jackal bites you but does no damage.
The jackal barely misses you.
You now have 0/8 mp.
You closely miss the jackal. The jackal bites you.
You take 1 damage, and have 13/16 hp.
You hit the jackal.
You kill the jackal!
You miss the jackal. The jackal bites you. The jackal closely misses you.
You take 1 damage, and have 12/16 hp.
You barely miss the jackal. The jackal bites you.
You take 2 damage, and have 10/16 hp.
The jackal bites you.
You take 2 damage, and have 8/16 hp.
Aim: a jackal The flame tongue hits the jackal.
You kill the jackal!
You now have 0/8 mp.
You closely miss the jackal.
The jackal bites you but does no damage.
You miss the jackal. The jackal bites you. x2
You take 4 damage, and have 5/16 hp.
MASSIVE DAMAGE!!
You aren't carrying any potions.
You miss the jackal. The jackal barely misses you.
The jackal closely misses you. The jackal closely misses you.
You miss the jackal. The jackal bites you.
* * * LOW HITPOINT WARNING * * *
You take 2 damage, and have 3/16 hp.
You completely miss the jackal. The jackal bites you.
* * * LOW HITPOINT WARNING * * *
The jackal barely misses you.
Your magical contamination has completely faded away.
You take 1 damage, and have 2/16 hp.
Aim: a jackal You miscast Flame Tongue.
You are very lightly contaminated with residual magic.
Nothing appears to happen.
The jackal misses you.
You now have 0/8 mp.
The jackal bites you but does no damage.
The jackal bites you.
You die...

......#####..#####.............#.
.........##.....####........#....
.####....##.###...##....#####...#
...#..## ...(####.......# #..##
##...#####....##........#####..#
#.......###..................#.#
........###.....................
#..#.#..........................
.........##.#...@.......#####...
...#.#...........hh.............
..)....#)##.####....###.###....#
..#..###.##.# ####.###.#....#
..#....#.##.### #..)#......#
..#.##........# ###.##.....#
..#.####.##.#.## #........# ..#.#
#..#.#..# ####.....# ..#.#
#....##.### #.....#


You could see 2 jackals.

Vanquished Creatures
  A bat (D:1)
  A giant cockroach (D:1)
  2 hobgoblins (D:1)
  2 jackals (D:1)
  5 giant newts (D:1)
  2 kobolds (D:1)
  2 rats (D:1)
15 creatures vanquished.

Notes
Turn   | Place    | Note
--------------------------------------------------------------
     0 | D:1      | esc the Deep Elf Fire Elementalist began the quest for the Orb.
     0 | D:1      | Reached XP level 1. HP: 10/10 MP: 6/6
   457 | D:1      | Reached XP level 2. HP: 14/16 MP: 5/8
   466 | D:1      | HP: 3/16 [giant newt (2)]
   800 | D:1      | HP: 3/16 [jackal (2)]
   808 | D:1      | Slain by a jackal

Vault maps used:
D:1:      minmay_arrival_wavy_path, serial_glass, glass_columns_b,
          glass_columns_a, minmay_newt_pond

Action                   || total
-------------------------++-------
Melee: Spear             ||    30
       Unarmed           ||     1
 Cast: Flame Tongue      ||    31
  Use: Scroll            ||     1
       Potion            ||     1
 Stab: Sleeping          ||     1
Armor: Robe              ||    10
Dodge: Dodged            ||    37

Vault maps used:
D:1:      minmay_arrival_wavy_path, serial_glass, glass_columns_b,
          glass_columns_a, minmay_newt_pond

Table legend:
 A = Turns spent in this place as a percentage of turns spent in the entire game.
 B = Non-inter-level travel turns spent in this place as a percentage of non-inter-level travel turns spent in the entire game.
 C = Inter-level travel turns spent in this place as a percentage of turns spent in this place.
 D = Turns resting spent in this place as a percentage of non-inter-level travel turns spent in this place.
 E = Turns spent auto-exploring this place as a percentage of non-inter-level travel turns spent in this place.
 F = Non-inter-level travel turns spent in this place divided by the number of levels of this place that you've seen.
                   A       B       C       D       E      F
               +-------+-------+-------+-------+-------+----------------------
         Total | 100.0 | 100.0 |   0.0 |   5.3 |   5.8 | 190.0
       Dungeon | 100.0 | 100.0 |   0.0 |   5.3 |   5.8 | 190.0
               +-------+-------+-------+-------+-------+----------------------

Table legend:
 A = Kills in this place as a percentage of kills in entire the game.
 B = Kills by you in this place as a percentage of kills by you in the entire game.
 C = Kills by friends in this place as a percentage of kills by friends in the entire game.
 D = Other kills in this place as a percentage of other kills in the entire game.
 E = Experience gained in this place as a percentage of experience gained in the entire game.
 F = Experience gained in this place divided by the number of levels of this place that you have seen.
                   A       B       C       D       E      F
               +-------+-------+-------+-------+-------+----------------------
         Total | 100.0 | 100.0 |  -nan |  -nan | 100.0 |  21.0
       Dungeon | 100.0 | 100.0 |  -nan |  -nan | 100.0 |  21.0
               +-------+-------+-------+-------+-------+----------------------
